Workbook
Name Print_Area: 'KONSOL. CELEK'!$B$1:$L$95

Sheet ORGANIZAČ. STRUKTURA
B32: Počet zaměstnanců - přepočtený stav za období leden až prosinec 2010: 423
B33: Počet organizačních jednotek: ústředí + 13 regionálních poboček

Sheet KONSOL. CELEK
B1: Československá obchodní banka, a. s.
B2: IČ: 00001350
B4: SCHÉMA KONSOLIDAČNÍHO CELKU ČSOB K 31.12.2010 | K4: Příloha č. 4
B5: nad nímž ČNB vykonává dohled na konsolidovaném základě
E8: ČSOB penzijní fond Stabilita, a.s., člen skupiny ČSOB
E9: Podíl na ZK přímý: | F9: 1
E10: Podíl na hlas. právech: | F10: 1
E12: ČSOB penzijní fond Progres, a.s., člen skupiny ČSOB
E13: Podíl na ZK přímý: | F13: 1
E14: Podíl na hlas. právech: | F14: 1
H15: ČSOB Leasing pojišťovací makléř, s.r.o.
D16: Podíl na ZK 100% | E16: ČSOB Leasing, a.s. | G16: Podíl na ZK 100%
D17: Podíl na HP 50,82% | E17: Podíl na ZK přímý: | F17: 1 | H17: Podíl na ZK nepřímý: | I17: 1
E18: Podíl na hlas. právech: | F18: 0.5082 | G18: Podíl na HP 100% | H18: Podíl na hlas. právech: | I18: 1
D20: Podíl na ZK 100% | E20: ČSOB Factoring, a.s. | G20: Podíl na ZK 100% | H20: Eurincasso, s.r.o.
D21: Podíl na HP 100% | E21: Podíl na ZK přímý: | F21: 1 | H21: Podíl na ZK nepřímý: | I21: 1
E22: Podíl na hlas. právech: | F22: 1 | G22: Podíl na HP 100% | H22: Podíl na hlas. právech: | I22: 1
E24: Centrum Radlická, a.s.
E25: Podíl na ZK přímý: | F25: 1
E26: Podíl na hlas. právech: | F26: 1
E28: Bankovní informační technologie, s.r.o.
E29: Podíl na ZK přímý: | F29: 1
B30: Československá obchodní banka, a. s. | E30: Podíl na hlas. právech: | F30: 1
E32: Českomoravská stavební spořitelna, a.s.
E33: Podíl na ZK přímý: | F33: 0.55
E34: Podíl na hlas. právech: | F34: 0.55
E36: Hypoteční banka, a.s.
E37: Podíl na ZK přímý: | F37: 1
E38: Podíl na hlas. právech: | F38: 1
E40: Motokov, a.s. v likvidaci
D41: Podíl na ZK 0,50% | E41: Podíl na ZK přímý: | F41: 0.005
D42: Podíl na HP 0,50% | E42: Podíl na ZK nepřímý: | F42: 0.6959
E43: Podíl na hlas. právech: | F43: 0.7009
E44: Podíl na ZK 69,59% | F44: Podíl na HP 69,59%
E45: ČSOB Investment Banking Services, a.s., člen skupiny ČSOB | H45: Motokov International, a.s. v likvidaci
D46: Podíl na ZK 100% | G46: Podíl na ZK 94,91%
D47: Podíl na HP 100% | E47: Podíl na ZK přímý: | F47: 1 | H47: Podíl na ZK nepřímý: | I47: 0.9491
E48: Podíl na hlas. právech: | F48: 1 | G48: Podíl na HP 94,91% | H48: Podíl na hlas. právech: | I48: 0.9491
E49: Podíl na ZK 16,62% | F49: Podíl na HP 16,62%
E50: IP Exit, a.s.
D51: Podíl na ZK 10,77% | E51: Podíl na ZK přímý: | F51: 0.1077
D52: Podíl na HP 10,77% | E52: Podíl na ZK nepřímý: | F52: 0.1665
E53: Podíl na hlas. právech: | F53: 0.2739
E54: Podíl na ZK 0,11% | F54: Podíl na HP 0,00%
E55: ČSOB Pojišťovna, a.s., člen holdingu ČSOB | H55: ČSOB Pojišťovací Servis, a.s.
D56: Podíl na ZK 25,00% | E56: Podíl na ZK přímý: | F56: 0.25 | G56: Podíl na ZK 100% | H56: servis, a.s.
D57: Podíl na HP 40,00% | E57: Podíl na hlas. právech: | F57: 0.4 | G57: Podíl na HP 100% | H57: Podíl na ZK nepřímý: | I57: 0.25
E58: Podíl na ZK 35,83% | F58: Podíl na HP 0,00% | H58: Podíl na hlas. právech: | I58: 0.4
E59: ČSOB Property fund, uzavřený investiční fond, a.s.
D60: Podíl na ZK 59,76% | E60: Podíl na ZK přímý: | F60: 0.5976 | G60: Podíl na ZK 100% | K60: Property LM, s.r.o.
D61: Podíl na HP 95,59% | E61: Podíl na ZK nepřímý: | F61: 0.0987 | K61: Podíl na ZK nepřímý: | L61: 0.6963
E62: Podíl na hlas. právech: | F62: 1 | G62: Podíl na HP 100% | K62: Podíl na hlas. právech: | L62: 1
E63: Podíl na ZK 4,41% | F63: Podíl na HP 4,41%
D64: Podíl na ZK 20,59% | E64: ČSOB Asset Management, a.s., člen skupiny ČSOB | G64: Podíl na ZK 11,57% | K64: Merrion Properties, s.r.o.
D65: Podíl na HP 52,94% | E65: Podíl na ZK přímý: | F65: 0.2059 | G65: Podíl na HP 84,72% | K65: Podíl na ZK nepřímý: | L65: 0.6963
E66: Podíl na hlas. právech: | F66: 0.5294 | K66: Podíl na hlas. právech: | L66: 1
E68: ČSOB Investiční společnost, a.s., člen skupiny ČSOB
D69: Podíl na ZK 73,15% | E69: Podíl na ZK přímý: | F69: 0.7315 | K69: Property Skalica, s.r.o.
D70: Podíl na HP 00,00% | E70: Podíl na ZK nepřímý: | F70: 0.1766 | K70: Podíl na ZK nepřímý: | L70: 0.6963
E71: Podíl na hlas. právech: | F71: 1 | K71: Podíl na hlas. právech: | L71: 1
D73: Podíl na ZK 100% | E73: Auxilium, a.s. | G73: Podíl na ZK 15,28%
D74: Podíl na HP 100% | E74: Podíl na ZK přímý: | F74: 1 | G74: Podíl na HP 15,28%
E75: Podíl na hlas. právech: | F75: 1
E77: Tee Square Limited, Ltd.
E78: Podíl na ZK přímý: | F78: 1
E79: Podíl na hlas. právech: | F79: 1
E81: CBCB, a.s.
E82: Podíl na ZK přímý: | F82: 0.2 | H82: Regulovaný konsolidační celek
E83: Podíl na hlas. právech: | F83: 0.2
E85: Premiéra TV a.s. | H85: Poznámky:
E86: Podíl na ZK přímý: | F86: 0.29 | H86: Procentní podíly v rámečcích u společností jsou přepočteny
E87: Podíl na hlas. právech: | F87: 0.29 | H87: z pohledu mateřské společnosti ČSOB.
E89: První certifikační autorita, a.s. | H89: ZK: základní kapitál (vklad)
E90: Podíl na ZK přímý: | F90: 0.2325 | H90: HP: hlasovací práva
E91: Podíl na hlas. právech: | F91: 0.2325

Sheet ROZVAHA
F1: Příloha č. 4
A3: ROZVAHA
A4: tis. Kč
A7: AKTIVA | B7: č.ř. | C7: 40543 | D7: 40451 | E7: 40359 | F7: 40268
A8: Aktiva celkem | B8: 1 | C8: 1.6324322e+11 | D8: 1.6231877e+11 | E8: 1.6768036e+11 | F8: 1.6830623e+11
A9: Pokladní hotovost a pohledávky vůči centrálním bankám | B9: 2 | C9: 20726253 | D9: 22328993 | E9: 3.1703122e+08 | F9: 22845460
A10: Pokladní hotovost | B10: 3 | C10: 0 | D10: 0 | E10: 0 | F10: 0
A11: Pohledávky vůči centrálním bankám | B11: 4 | C11: 20726253 | D11: 22328993 | E11: 3.1703122e+08 | F11: 22845460
A12: Finanční aktiva k obchodování | B12: 5 | C12: 0 | D12: 0 | E12: 0 | F12: 0
A13: Deriváty k obchodování s kladnou reálnou hodnotou | B13: 6 | C13: 0 | D13: 0 | E13: 0 | F13: 0
A14: Kapitálové nástroje k obchodování | B14: 7 | C14: 0 | D14: 0 | E14: 0 | F14: 0
A15: Dluhové cenné papíry k obchodování | B15: 8 | C15: 0 | D15: 0 | E15: 0 | F15: 0
A16: Pohledávky k obchodování | B16: 9 | C16: 0 | D16: 0 | E16: 0 | F16: 0
A17: Pohledávky k obchodování vůči úvěrovým institucím | B17: 10 | C17: 0 | D17: 0 | E17: 0 | F17: 0
A18: Pohledávky k obchodování vůči j. osobám než úvěr. institucím | B18: 11 | C18: 0 | D18: 0 | E18: 0 | F18: 0
A19: Ostatní pohledávky k obchod. sektorově nečleněné | B19: 12 | C19: 0 | D19: 0 | E19: 0 | F19: 0
... A64: Neoběžná aktiva a vyřazované skupiny určené k prodeji | B64: 57 | C64: 0 | D64: 0 | E64: 0 | F64: 0
A69: PASIVA | B69: č.ř. | C69: 40543 | D69: 40451 | E69: 40359 | F69: 40268
A70: Závazky a vlastní kapitál celkem | B70: 1 | C70: 1.6324322e+11 | D70: 1.6231877e+11 | E70: 1.6768036e+11 | F70: 1.6830623e+11
A71: Závazky celkem | B71: 2 | C71: 1.4215797e+11 | D71: 1.4188561e+11 | E71: 1.4768454e+11 | F71: 1.4742193e+11
A72: Vklady, úvěry a ostatní finanční závazky vůči centr.bankám | B72: 3 | C72: 0 | D72: 0 | E72: 0 | F72: 0
A73: Finanční závazky k obchodování | B73: 4 | C73: 0 | D73: 0 | E73: 0 | F73: 0
A74: Deriváty k obchodování se zápornou reálnou hodnotou | B74: 5 | C74: 0 | D74: 0 | E74: 0 | F74: 0
A75: Závazky z krátkých prodejů | B75: 6 | C75: 0 | D75: 0 | E75: 0 | F75: 0
A76: Vklady, úvěry a ostatní finanční závazky k obchodování | B76: 7 | C76: 0 | D76: 0 | E76: 0 | F76: 0
A77: Vklady, úvěry a ostatní fin.závazky k obch. vůči úvěr.inst. | B77: 8 | C77: 0 | D77: 0 | E77: 0 | F77: 0
A78: Vklady, úvěry a ost.fin.závaz.k obch.vůči j.os.než úvěr.inst | B78: 9 | C78: 0 | D78: 0 | E78: 0 | F78: 0
A79: Ostatní finanční závazky k obchodování sektorově nečleněné | B79: 10 | C79: 0 | D79: 0 | E79: 0 | F79: 0
A80: Emitované dluhové CP určené k odkupu v krátkém období | B80: 11 | C80: 0 | D80: 0 | E80: 0 | F80: 0
A81: Finanční závazky v reálné hodnotě vykázané do zisku/ztráty | B81: 12 | C81: 0 | D81: 0 | E81: 0 | F81: 0
... A113: Ostatní závazky | B113: 44 | C113: 1.7661473e+08 | D113: 2.6400729e+08 | E113: 2.9790407e+08 | F113: 2.2874747e+08
A114: Základní kapitál družstev splatný na požádání | B114: 45 | C114: XX | D114: XX | E114: XX | F114: XX
A115: Závazky spojené s vyřazovanými skupinami určenými k prodeji | B115: 46 | C115: 0 | D115: 0 | E115: 0 | F115: 0
A116: Vlastní kapitál celkem | B116: 47 | C116: 2.1085253e+10 | D116: 2.0433163e+10 | E116: 1.9995823e+10 | F116: 2.0884302e+10
A117: Základní kapitál | B117: 48 | C117: 5076331000 | D117: 5076331000 | E117: 5076331000 | F117: 5076331000
A118: Splacený základní kapitál | B118: 49 | C118: 5076331000 | D118: 5076331000 | E118: 5076331000 | F118: 5076331000
A119: Nesplacený základní kapitál | B119: 50 | C119: 0 | D119: 0 | E119: 0 | F119: 0
A120: Emisní ážio | B120: 51 | C120: 13864383900 | D120: 13864383900 | E120: 13864383900 | F120: 13864383900
A121: Další vlastní kapitál | B121: 52 | C121: 0 | D121: 0 | E121: 0 | F121: 0
A122: Kapitálová složka finančních nástrojů | B122: 53 | C122: 0 | D122: 0 | E122: 0 | F122: 0
A123: Ostatní kapitálové nástroje | B123: 54 | C123: 0 | D123: 0 | E123: 0 | F123: 0
A124: Fondy z přecenění a ostatní oceňovací rozdíly | B124: 55 | C124: 0 | D124: 0 | E124: 0 | F124: 0
A125: Oceňovací rozdíly z hmotného majetku | B125: 56 | C125: 0 | D125: 0 | E125: 0 | F125: 0
A126: Oceňovací rozdíly z nehmotného majetku | B126: 57 | C126: 0 | D126: 0 | E126: 0 | F126: 0
... A135: Zisk (ztráta) za běžné účetní období | B135: 66 | C135: 1.8477813e+09 | D135: 1.1956912e+09 | E135: 7.5835138e+08 | F135: 3.2698465e+08

Sheet VÝSLEDOVKA
F1: Příloha č. 4
A3: VÝSLEDOVKA
A4: tis. Kč
B7: č.ř. | C7: 40543 | D7: 40451 | E7: 40359 | F7: 40268
A8: Zisk z finanční a provozní činnosti | B8: 1 | C8: 4.0550557e+09 | D8: 2.9271788e+09 | E8: 1.8748103e+09 | F8: 883854622
A9: Úrokové výnosy | B9: 2 | C9: 8.6473113e+09 | D9: 6.4646571e+09 | E9: 4.2796606e+09 | F9: 2.1071833e+09
A10: Úroky z pohledávek vůči centrálním bankám | B10: 3 | C10: 83201.27 | D10: 65649.62 | E10: 47721.29 | F10: 25485.06
A11: Úroky z finančních aktiv k obchodování | B11: 4
A12: Úroky z finančních aktiv v reálné hodnotě vykázaných do Z/Z | B12: 5
A13: Úroky z realizovatelných finančních aktiv | B13: 6 | C13: 2436562.1 | D13: 2436562.1 | E13: 2436562.1 | F13: 2436562.1
A14: Úroky z úvěrů a jiných pohledávek | B14: 7 | C14: 8.6389085e+09 | D14: 6.4562719e+09 | E14: 4.2712933e+09 | F14: 2.0995854e+09
A15: Úroky z finančních investic držených do splatnosti | B15: 8 | C15: 5883027.1 | D15: 5883027.1 | E15: 5883027.1 | F15: 5135840.9
A16: Zisk ze zajišťovacích úrokových derivátů | B16: 9
A17: Úroky z ostatních aktiv | B17: 10
A18: Úrokové náklady | B18: 11 | C18: -4.9857089e+09 | D18: -3.8278909e+09 | E18: -2.60417e+09 | F18: -1.3266033e+09
A19: Úroky na vklady, úvěry a ost.fin.závazky vůči centr.bankám | B19: 12 | C19: 0 | D19: 0 | E19: 0 | F19: 0
A20: Úroky na finanční závazky k obchodování | B20: 13
A21: Úroky na finanční závazky v reálné hodnotě vykázané do Z/Z | B21: 14
A22: Úroky na finanční závazky v naběhlé hodnotě | B22: 15 | C22: -4.9857089e+09 | D22: -3.8278909e+09 | E22: -2.60417e+09 | F22: -1.3266033e+09
A23: Ztráta ze zajišťovacích úrokových derivátů | B23: 16
A24: Úroky na ostatní závazky | B24: 17
A25: Náklady na základní kapitál splatný na požádání | B25: 18
A26: Výnosy z dividend | B26: 19 | C26: 0 | D26: 0 | E26: 0 | F26: 0
A27: Výnosy z dividend z finančních aktiv k obchodování | B27: 20
A28: Výnosy z dividend z finan.aktiv v RH vykázaných do Z/Z | B28: 21
A29: Výnosy z dividend z realizovatelných finančních aktiv | B29: 22
A30: Výnosy z dividend od přidružených a ovládaných osob | B30: 23
A31: Výnosy z poplatků a provizí | B31: 24 | C31: 4.0753031e+08 | D31: 2.9910925e+08 | E31: 1.9856157e+08 | F31: 1.0124131e+08
A32: Poplatky a provize z operací s finan.nástroji pro zákazníky | B32: 25 | C32: 4.0024155e+08 | D32: 2.9433292e+08 | E32: 1.9563565e+08 | F32: 1.0012177e+08
A33: Poplatky a provize z obstarání emisí | B33: 26
A34: Poplatky a provize z obstarání finančních nástrojů | B34: 27 | C34: 4.0024155e+08 | D34: 2.9433292e+08 | E34: 1.9563565e+08 | F34: 1.0012177e+08
A35: Poplatky a provize za poradenskou činnost | B35: 28
A36: Poplatky a provize z clearingu a vypořádání | B36: 29
A37: Poplatky a provize za obhospodařování hodnot | B37: 30
A38: Poplatky a provize za správu, úschovu a uložení hodnot | B38: 31
A39: Poplatky a provize z příslibů a záruk | B39: 32
A40: Poplatky a provize z platebního styku | B40: 33
A41: Poplatky a provize ze strukturovaného financování | B41: 34
A42: Poplatky a provize ze sekuritizace | B42: 35
A43: Poplatky a provize z ostatních služeb | B43: 36 | C43: 7288762.4 | D43: 4720548.6 | E43: 2925925.9 | F43: 1119539.7
A44: Náklady na poplatky a provize | B44: 37 | C44: -16737476 | D44: -8056120.4 | E44: -5454090.2 | F44: -2186737.7
A45: Poplatky a provize na operace s finančními nástroji | B45: 38 | C45: -117684.91 | D45: -87861.87 | E45: -58238.82 | F45: -29218.2
A46: Poplatky a provize na obhospodařování hodnot | B46: 39
A47: Poplatky a provize na správu, úschovu a uložení hodnot | B47: 40
A48: Poplatky a provize na clearing a vypořádání | B48: 41 | C48: -47156.44 | D48: -36170.4 | E48: -25552.25 | F48: -14510.95
A49: Poplatky a provize na sekuritizaci | B49: 42
A50: Poplatky a provize na ostatní služby | B50: 43 | C50: -16572635 | D50: -7932088.1 | E50: -5370299.1 | F50: -2143008.5
A51: Realizované Z/Z z finan.aktiv a závazků nevykáz. v RH do Z/Z | B51: 44 | C51: -4761354.9 | D51: -5379734.4 | E51: 3271859.6 | F51: 3287019.6
A52: Zisk (ztráta) z realizovatelných finančních aktiv | B52: 45
A53: Zisk (ztráta) z úvěrů a jiných pohledávek | B53: 46 | C53: -159915492 | D53: -8651594 | E53: 0 | F53: 0
A54: Zisk (ztráta) z finančních investic držených do splatnosti | B54: 47
A55: Zisk (ztráta) z finančních závazků v naběhlé hodnotě | B55: 48 | C55: 1.5455092e+08 | D55: 3287019.6 | E55: 3287019.6 | F55: 3287019.6
A56: Zisk (ztráta) z ostatních závazků | B56: 49 | C56: 603219.5 | D56: 40626.81 | E56: -15160
A57: Zisk (ztráta) z finančních aktiv a závazků k obchodování | B57: 50 | C57: 0 | D57: 0 | E57: 0 | F57: 0
A58: Zisk (ztráta) z kapitálových nástrojů a akciových derivátů | B58: 51
A59: Zisk (ztráta) z úrokových nástrojů (včetně úrok. derivátů) | B59: 52
A60: Zisk (ztráta) z měnových nástrojů (včetně měn. derivátů) | B60: 53
A61: Zisk (ztráta) z úvěrových nástrojů (včetně úvěr. derivátů) | B61: 54
A62: Zisk (ztráta) z komodit a komoditních derivátů | B62: 55
A63: Zisk (ztráta) z ostatních nástrojů včetně hybridních | B63: 56
A64: Zisk (ztráta) z finan. aktiv a závazků v RH vykázané do Z/Z | B64: 57 | C64: 0 | D64: 0 | E64: 0 | F64: 0
A65: Zisk (ztráta) ze zajišťovacího účetnictví | B65: 58
A66: Kurzové rozdíly | B66: 59 | C66: -132831.11 | D66: -121253.23 | E66: -91149.2 | F66: -82100.64
A67: Zisk (ztráta) z odúčtování aktiv j. než držených k prodeji | B67: 60
A68: Ostatní provozní výnosy | B68: 61 | C68: 10187162 | D68: 6505300 | E68: 4398471.2 | F68: 2322119.3
A69: Ostatní provozní náklady | B69: 62 | C69: -2632452.8 | D69: -1644837.7 | E69: -1367020 | F69: -1306946
A70: Správní náklady | B70: 63 | C70: -6.239639e+08 | D70: -4.635832e+08 | E70: -3.1999798e+08 | F70: -1.6400407e+08
A71: Náklady na zaměstnance | B71: 64 | C71: -4.2047803e+08 | D71: -3.0572249e+08 | E71: -2.0971115e+08 | F71: -1.0643941e+08
A72: Mzdy a platy | B72: 65 | C72: -293572020 | D72: -215976555 | E72: -147432533 | F72: -73701535
A73: Sociální a zdravotní pojištění | B73: 66 | C73: -93612475 | D73: -70353702 | E73: -48116070 | F73: -24064184
A74: Penzijní a podobné výdaje | B74: 67 | C74: -4993089 | D74: -3757469 | E74: -2575710 | F74: -1169504
A75: Náklady na dočasné zaměstnance | B75: 68 | C75: 0 | D75: 0 | E75: 0 | F75: 0
A76: Odměny - vlastní kapitálové nástroje | B76: 69
A77: Ostatní náklady na zaměstnance | B77: 70 | C77: -28300448 | D77: -15634765 | E77: -11586840 | F77: -7504182.1
A78: Ostatní správní náklady | B78: 71 | C78: -2.0348587e+08 | D78: -1.5786071e+08 | E78: -1.1028683e+08 | F78: -57564667
A79: Náklady na reklamu | B79: 72 | C79: -69711880 | D79: -40591766 | E79: -24242817 | F79: -6133331.4
A80: Náklady na poradenství | B80: 73 | C80: -5566551.7 | D80: -3421255.5 | E80: -2726588.3 | F80: -1016473.6
A81: Náklady na informační technologie | B81: 74 | C81: -14687524 | D81: -18378128 | E81: -4934374.4 | F81: -2282786.7
A82: Náklady na outsourcing | B82: 75 | C82: -30850040 | D82: -23076225 | E82: -12587516 | F82: -5146568.7
A83: Nájemné | B83: 76 | C83: -42533330 | D83: -37634880 | E83: -20478444 | F83: -10418347
A84: Jiné správní náklady | B84: 77 | C84: -40136545 | D84: -34758452 | E84: -45317091 | F84: -32567160
A85: Odpisy | B85: 78 | C85: -51890080 | D85: -38138450 | E85: -24316562 | F85: -12497170
A86: Odpisy pozemků, budov a zařízení | B86: 79 | C86: -22693787 | D86: -16982777 | E86: -11138060 | F86: -6189427.5
A87: Odpisy investic do nemovitostí | B87: 80
A88: Odpisy nehmotného majetku | B88: 81 | C88: -29196293 | D88: -21155673 | E88: -13178502 | F88: -6307742
A89: Tvorba rezerv | B89: 82 | C89: 3399000 | D89: 3399000 | E89: 1612900 | F89: 686289
A90: Ztráty ze znehodnocení | B90: 83 | C90: -1.0943917e+09 | D90: -9.4937577e+08 | E90: -5.9339469e+08 | F90: -3.0434685e+08
A91: Ztráty ze znehodnocení finan.aktiv nevykázaných v RH do Z/Z | B91: 84 | C91: -1.0943917e+09 | D91: -9.4937577e+08 | E91: -5.9339469e+08 | F91: -3.0434685e+08
A92: Ztráty ze znehodnocení finančních aktiv v pořizovací ceně | B92: 85
A93: Ztráty ze znehodnocení realizovatelných finančních aktiv | B93: 86 | C93: 0 | D93: 0 | E93: 0 | F93: 0
A94: Ztráty ze znehodnocení úvěrů a jiných pohledávek | B94: 87 | C94: -1.0943917e+09 | D94: -9.4937577e+08 | E94: -5.9339469e+08 | F94: -3.0434685e+08
A95: Ztráty ze znehodnocení finan.investic držených do splatnosti | B95: 88
A96: Ztráty ze znehodnocení nefinančních aktiv | B96: 89 | C96: 0 | D96: 0 | E96: 0 | F96: 0
A97: Ztráty ze znehodnocení pozemků, budov a zařízení | B97: 90 | C97: 0 | D97: 0 | E97: 0 | F97: 0
A98: Ztráty ze znehodnocení z investic do nemovitostí | B98: 91
A99: Ztráty ze znehodnocení goodwillu | B99: 92
A100: Ztráty ze znehodnocení nehmotného majetku | B100: 93
A101: Ztráty ze znehodnocení účastí v přidr.a ovlád.os.a sp.podn. | B101: 94
A102: Ztráty ze znehodnocení ostatních nefinančních aktiv | B102: 95
A103: Negativní goodwill bezprostředně zahrnutý do výkazu Z/Z | B103: 96
...

Sheet POHL_SELHÁNÍ
H1: Příloha č. 4
A3: Pohledávky z finanční činnosti bez selhání a v selhání
A5: 40543
H7: v tis. Kč
B8: Č.ř. | C8: Hodnota před znehodnocením | D8: Účetní hodnota (netto) | E8: Opravné položky k jednotlivým pohledávkám | F8: Opravné položky k port. pohled. jednotlivě bez znehodnocení | G8: Opravné položky k portfoliu jednotlivě nevýznam. pohledávek | H8: Kumulovaná ztráta z ocenění reálnou hodnotou
A9: Pohledávky z finančních činností celkem | B9: 1 | C9: 1.4692744e+08 | D9: 1.4507071e+08 | E9: 1856726.2 | F9: 0 | G9: 0 | H9: 0
A10: Pohledávky za úvěrovými institucemi | B10: 2 | C10: 0 | D10: 0 | E10: 0 | F10: 0 | G10: 0 | H10: 0 | I10: ř. 30
A11: Pohledávky za úvěrovými institucemi bez selhání | B11: 3 | C11: 0 | D11: 0 | E11: 0 | F11: 0 | G11: 0 | H11: 0
A12: Standardní pohledávky za úvěrovými institucemi | B12: 4 | C12: 0 | D12: 0 | E12: 0 | F12: 0 | G12: 0 | H12: 0
A13: Sledované pohledávky za úvěrovými institucemi | B13: 5 | C13: 0 | D13: 0 | E13: 0 | F13: 0 | G13: 0 | H13: 0
A14: Pohledávky za úvěrovými institucemi se selháním | B14: 6 | C14: 0 | D14: 0 | E14: 0 | F14: 0 | G14: 0 | H14: 0
A15: Nestandardní pohledávky za úvěrovými institucemi | B15: 7 | C15: 0 | D15: 0 | E15: 0 | F15: 0 | G15: 0 | H15: 0
A16: Pochybné pohledávky za úvěrovými institucemi | B16: 8 | C16: 0 | D16: 0 | E16: 0 | F16: 0 | G16: 0 | H16: 0
A17: Ztrátové pohledávky za úvěrovými institucemi | B17: 9 | C17: 0 | D17: 0 | E17: 0 | F17: 0 | G17: 0 | H17: 0
A18: Pohledávky za jinými osobami než úvěr.institucemi | B18: 10 | C18: 1.4692744e+08 | D18: 1.4507071e+08 | E18: 1856726.2 | F18: 0 | G18: 0 | H18: 0 | I18: ř. 31
A19: Pohledávky za j. osobami než úvěr.institucemi bez selhání | B19: 11 | C19: 1.4134368e+08 | D19: 1.4105749e+08 | E19: 286185.62 | F19: 0 | G19: 0 | H19: 0
A20: Standardní pohledávky za jinými osobami než úvěr.institucemi | B20: 12 | C20: 1.380081e+08 | D20: 1.380081e+08 | E20: 0 | F20: 0 | G20: 0 | H20: 0
A21: Sledované pohledávky za jin. osobami než úvěr.institucemi | B21: 13 | C21: 3335572 | D21: 3049386.4 | E21: 286185.62 | F21: 0 | G21: 0 | H21: 0
A22: Pohledávky za jin. osobami než úvěr.institucemi se selháním | B22: 14 | C22: 5583765 | D22: 4013224.4 | E22: 1570540.6 | F22: 0 | G22: 0 | H22: 0
A23: Nestandardní pohledávky za jin. osobami než úvěr.institucemi | B23: 15 | C23: 1632684.6 | D23: 1340611 | E23: 292073.58 | F23: 0 | G23: 0 | H23: 0
A24: Pochybné pohledávky za jinými osobami než úvěr.institucemi | B24: 16 | C24: 1390085.7 | D24: 1108532.3 | E24: 281553.45 | F24: 0 | G24: 0 | H24: 0
A25: Ztrátové pohledávky za jinými osobami než úvěr.institucemi | B25: 17 | C25: 2560994.7 | D25: 1564081.1 | E25: 996913.6 | F25: 0 | G25: 0 | H25: 0
A28: 40451
H30: v tis. Kč
B31: Č.ř. | C31: Hodnota před znehodnocením | D31: Účetní hodnota (netto) | E31: Opravné položky k jednotlivým pohledávkám | F31: Opravné položky k port. pohled. jednotlivě bez znehodnocení | G31: Opravné položky k portfoliu jednotlivě nevýznam. pohledávek | H31: Kumulovaná ztráta z ocenění reálnou hodnotou
A32: Pohledávky z finančních činností celkem | B32: 1 | C32: 1.6376034e+08 | D32: 1.6204326e+08 | E32: 1717080.2 | F32: 0 | G32: 0 | H32: 0
A33: Pohledávky za úvěrovými institucemi | B33: 2 | C33: 20298822 | D33: 20298822 | E33: 0 | F33: 0 | G33: 0 | H33: 0 | I33: ř. 30
A34: Pohledávky za úvěrovými institucemi bez selhání | B34: 3 | C34: 20298822 | D34: 20298822 | E34: 0 | F34: 0 | G34: 0 | H34: 0
A35: Standardní pohledávky za úvěrovými institucemi | B35: 4 | C35: 20298822 | D35: 20298822 | E35: 0 | F35: 0 | G35: 0 | H35: 0
A36: Sledované pohledávky za úvěrovými institucemi | B36: 5 | C36: 0 | D36: 0 | E36: 0 | F36: 0 | G36: 0 | H36: 0
A37: Pohledávky za úvěrovými institucemi se selháním | B37: 6 | C37: 0 | D37: 0 | E37: 0 | F37: 0 | G37: 0 | H37: 0
A38: Nestandardní pohledávky za úvěrovými institucemi | B38: 7 | C38: 0 | D38: 0 | E38: 0 | F38: 0 | G38: 0 | H38: 0
A39: Pochybné pohledávky za úvěrovými institucemi | B39: 8 | C39: 0 | D39: 0 | E39: 0 | F39: 0 | G39: 0 | H39: 0
A40: Ztrátové pohledávky za úvěrovými institucemi | B40: 9 | C40: 0 | D40: 0 | E40: 0 | F40: 0 | G40: 0 | H40: 0
A41: Pohledávky za jinými osobami než úvěr.institucemi | B41: 10 | C41: 1.4346152e+08 | D41: 1.4174444e+08 | E41: 1717080.2 | F41: 0 | G41: 0 | H41: 0 | I41: ř. 31
A42: Pohledávky za j. osobami než úvěr.institucemi bez selhání | B42: 11 | C42: 1.3790696e+08 | D42: 1.3762698e+08 | E42: 279980.87 | F42: 0 | G42: 0 | H42: 0
A43: Standardní pohledávky za jinými osobami než úvěr.institucemi | B43: 12 | C43: 1.3442661e+08 | D43: 1.3442661e+08 | E43: 0 | F43: 0 | G43: 0 | H43: 0
A44: Sledované pohledávky za jin. osobami než úvěr.institucemi | B44: 13 | C44: 3480354.1 | D44: 3200373.3 | E44: 279980.87 | F44: 0 | G44: 0 | H44: 0
A45: Pohledávky za jin. osobami než úvěr.institucemi se selháním | B45: 14 | C45: 5554555.7 | D45: 4117456.4 | E45: 1437099.3 | F45: 0 | G45: 0 | H45: 0
A46: Nestandardní pohledávky za jin. osobami než úvěr.institucemi | B46: 15 | C46: 1927967.3 | D46: 1599367.8 | E46: 328599.49 | F46: 0 | G46: 0 | H46: 0
A47: Pochybné pohledávky za jinými osobami než úvěr.institucemi | B47: 16 | C47: 1609659.4 | D47: 1299341.5 | E47: 310317.83 | F47: 0 | G47: 0 | H47: 0
A48: Ztrátové pohledávky za jinými osobami než úvěr.institucemi | B48: 17 | C48: 2016929.1 | D48: 1218747.1 | E48: 798181.96 | F48: 0 | G48: 0 | H48: 0
A51: 40359
H53: v tis. Kč
B54: Č.ř. | C54: Hodnota před znehodnocením | D54: Účetní hodnota (netto) | E54: Opravné položky k jednotlivým pohledávkám | F54: Opravné položky k port. pohled. jednotlivě bez znehodnocení | G54: Opravné položky k portfoliu jednotlivě nevýznam. pohledávek | H54: Kumulovaná ztráta z ocenění reálnou hodnotou
A55: Pohledávky z finančních činností celkem | B55: 1 | C55: 1.6851059e+08 | D55: 1.6711371e+08 | E55: 1396880.9 | F55: 0 | G55: 0 | H55: 0
A56: Pohledávky za úvěrovými institucemi | B56: 2 | C56: 27439955 | D56: 27439955 | E56: 0 | F56: 0 | G56: 0 | H56: 0 | I56: ř. 30
A57: Pohledávky za úvěrovými institucemi bez selhání | B57: 3 | C57: 27439955 | D57: 27439955 | E57: 0 | F57: 0 | G57: 0 | H57: 0
A58: Standardní pohledávky za úvěrovými institucemi | B58: 4 | C58: 27439955 | D58: 27439955 | E58: 0 | F58: 0 | G58: 0 | H58: 0
A59: Sledované pohledávky za úvěrovými institucemi | B59: 5 | C59: 0 | D59: 0 | E59: 0 | F59: 0 | G59: 0 | H59: 0
A60: Pohledávky za úvěrovými institucemi se selháním | B60: 6 | C60: 0 | D60: 0 | E60: 0 | F60: 0 | G60: 0 | H60: 0
A61: Nestandardní pohledávky za úvěrovými institucemi | B61: 7 | C61: 0 | D61: 0 | E61: 0 | F61: 0 | G61: 0 | H61: 0
A62: Pochybné pohledávky za úvěrovými institucemi | B62: 8 | C62: 0 | D62: 0 | E62: 0 | F62: 0 | G62: 0 | H62: 0
A63: Ztrátové pohledávky za úvěrovými institucemi | B63: 9 | C63: 0 | D63: 0 | E63: 0 | F63: 0 | G63: 0 | H63: 0
A64: Pohledávky za jinými osobami než úvěr.institucemi | B64: 10 | C64: 1.4107064e+08 | D64: 1.3967376e+08 | E64: 1396880.9 | F64: 0 | G64: 0 | H64: 0 | I64: ř. 31
A65: Pohledávky za j. osobami než úvěr.institucemi bez selhání | B65: 11 | C65: 1.3582788e+08 | D65: 1.3562921e+08 | E65: 198673.94 | F65: 0 | G65: 0 | H65: 0
A66: Standardní pohledávky za jinými osobami než úvěr.institucemi | B66: 12 | C66: 1.3278772e+08 | D66: 1.3278772e+08 | E66: 0 | F66: 0 | G66: 0 | H66: 0
A67: Sledované pohledávky za jin. osobami než úvěr.institucemi | B67: 13 | C67: 3040165.9 | D67: 2841492 | E67: 198673.94 | F67: 0 | G67: 0 | H67: 0
A68: Pohledávky za jin. osobami než úvěr.institucemi se selháním | B68: 14 | C68: 5242756.1 | D68: 4044549.2 | E68: 1198206.9 | F68: 0 | G68: 0 | H68: 0
A69: Nestandardní pohledávky za jin. osobami než úvěr.institucemi | B69: 15 | C69: 2273559.4 | D69: 1926362.7 | E69: 347196.7 | F69: 0 | G69: 0 | H69: 0
A70: Pochybné pohledávky za jinými osobami než úvěr.institucemi | B70: 16 | C70: 1528963.1 | D70: 1258310 | E70: 270653.15 | F70: 0 | G70: 0 | H70: 0
A71: Ztrátové pohledávky za jinými osobami než úvěr.institucemi | B71: 17 | C71: 1440233.5 | D71: 859876.46 | E71: 580357.08 | F71: 0 | G71: 0 | H71: 0
A74: 40268
H76: v tis. Kč
B77: Č.ř. | C77: Hodnota před znehodnocením | D77: Účetní hodnota (netto) | E77: Opravné položky k jednotlivým pohledávkám | F77: Opravné položky k port. pohled. jednotlivě bez znehodnocení | G77: Opravné položky k portfoliu jednotlivě nevýznam. pohledávek | H77: Kumulovaná ztráta z ocenění reálnou hodnotou
A78: Pohledávky z finančních činností celkem | B78: 1 | C78: 1.6874508e+08 | D78: 1.6762061e+08 | E78: 1124471.6 | F78: 0 | G78: 0 | H78: 0
A79: Pohledávky za úvěrovými institucemi | B79: 2 | C79: 29693042 | D79: 29693042 | E79: 0 | F79: 0 | G79: 0 | H79: 0 | I79: ř. 30
A80: Pohledávky za úvěrovými institucemi bez selhání | B80: 3 | C80: 29693042 | D80: 29693042 | E80: 0 | F80: 0 | G80: 0 | H80: 0
A81: Standardní pohledávky za úvěrovými institucemi | B81: 4 | C81: 29693042 | D81: 29693042 | E81: 0 | F81: 0 | G81: 0 | H81: 0
A82: Sledované pohledávky za úvěrovými institucemi | B82: 5 | C82: 0 | D82: 0 | E82: 0 | F82: 0 | G82: 0 | H82: 0
A83: Pohledávky za úvěrovými institucemi se selháním | B83: 6 | C83: 0 | D83: 0 | E83: 0 | F83: 0 | G83: 0 | H83: 0
A84: Nestandardní pohledávky za úvěrovými institucemi | B84: 7 | C84: 0 | D84: 0 | E84: 0 | F84: 0 | G84: 0 | H84: 0
A85: Pochybné pohledávky za úvěrovými institucemi | B85: 8 | C85: 0 | D85: 0 | E85: 0 | F85: 0 | G85: 0 | H85: 0
A86: Ztrátové pohledávky za úvěrovými institucemi | B86: 9 | C86: 0 | D86: 0 | E86: 0 | F86: 0 | G86: 0 | H86: 0
A87: Pohledávky za jinými osobami než úvěr.institucemi | B87: 10 | C87: 1.3905204e+08 | D87: 1.3792756e+08 | E87: 1124471.6 | F87: 0 | G87: 0 | H87: 0 | I87: ř. 31
A88: Pohledávky za j. osobami než úvěr.institucemi bez selhání | B88: 11 | C88: 1.3448515e+08 | D88: 1.3428439e+08 | E88: 200754.71 | F88: 0 | G88: 0 | H88: 0
A89: Standardní pohledávky za jinými osobami než úvěr.institucemi | B89: 12 | C89: 1.3134319e+08 | D89: 1.3134319e+08 | E89: 0 | F89: 0 | G89: 0 | H89: 0
A90: Sledované pohledávky za jin. osobami než úvěr.institucemi | B90: 13 | C90: 3141961.3 | D90: 2941206.6 | E90: 200754.71 | F90: 0 | G90: 0 | H90: 0
A91: Pohledávky za jin. osobami než úvěr.institucemi se selháním | B91: 14 | C91: 4566887.2 | D91: 3643170.2 | E91: 923716.92 | F91: 0 | G91: 0 | H91: 0
A92: Nestandardní pohledávky za jin. osobami než úvěr.institucemi | B92: 15 | C92: 2108869.8 | D92: 1828521 | E92: 280348.77 | F92: 0 | G92: 0 | H92: 0
A93: Pochybné pohledávky za jinými osobami než úvěr.institucemi | B93: 16 | C93: 1453780.9 | D93: 1225568.8 | E93: 228212.07 | F93: 0 | G93: 0 | H93: 0
A94: Ztrátové pohledávky za jinými osobami než úvěr.institucemi | B94: 17 | C94: 1004236.5 | D94: 589080.43 | E94: 415156.08 | F94: 0 | G94: 0 | H94: 0

Sheet POHL_ZNEHODNOCENÍ
H1: Příloha č. 4
A3: Pohledávky z finanční činnosti bez znehodnocení a se znehodnocením
A5: =POHL_SELHÁNÍ!A5 -> 40543
H7: v tis. Kč
B9: Č.ř. | C9: Hodnota před znehodnocením | E9: Opravné položky | F9: Kumulovaná ztráta | G9: Účetní hodnota (netto)
F10: z ocenění
F11: reálnou hodnotou
C13: Pohledávky oceňované naběhlou hodnotou | D13: Pohledávky oceňované | E13: Pohledávky oceňované naběhlou hodnotou | F13: Pohledávky oceňované | G13: Pohledávky oceňované naběhlou hodnotou | H13: Pohledávky oceňované
D14: reálnou hodnotou | F14: reálnou hodnotou | H14: reálnou hodnotou
A15: Pohledávky bez znehodnocení | B15: 1 | C15: =POHL_SELHÁNÍ!C20+POHL_SELHÁNÍ!C12 -> 1.380081e+08 | D15: 0 | E15: X | F15: X | G15: =C15 -> 1.380081e+08 | H15: 0
A16: Pohledávky se znehodnocením | B16: 2 | C16: =POHL_SELHÁNÍ!C22+POHL_SELHÁNÍ!C21 -> 8919337.1 | D16: 0 | E16: =POHL_SELHÁNÍ!E9 -> 1856726.2 | F16: 0 | G16: =C16-E16 -> 7062610.8 | H16: 0
A19: =POHL_SELHÁNÍ!A28 -> 40451
H21: v tis. Kč
B23: Č.ř. | C23: Hodnota před znehodnocením | E23: Opravné položky | F23: Kumulovaná ztráta | G23: Účetní hodnota (netto)
F24: z ocenění
F25: reálnou hodnotou
C27: Pohledávky oceňované naběhlou hodnotou | D27: Pohledávky oceňované | E27: Pohledávky oceňované naběhlou hodnotou | F27: Pohledávky oceňované | G27: Pohledávky oceňované naběhlou hodnotou | H27: Pohledávky oceňované
D28: reálnou hodnotou | F28: reálnou hodnotou | H28: reálnou hodnotou
A29: Pohledávky bez znehodnocení | B29: 1 | C29: =POHL_SELHÁNÍ!C43+POHL_SELHÁNÍ!C33 -> 1.5472543e+08 | D29: 0 | E29: X | F29: X | G29: =C29 -> 1.5472543e+08 | H29: 0
A30: Pohledávky se znehodnocením | B30: 2 | C30: =POHL_SELHÁNÍ!C45+POHL_SELHÁNÍ!C44 -> 9034909.8 | D30: 0 | E30: =POHL_SELHÁNÍ!E32 -> 1717080.2 | F30: 0 | G30: =C30-E30 -> 7317829.7 | H30: 0
A33: =POHL_SELHÁNÍ!A51 -> 40359
H35: v tis. Kč
B37: Č.ř. | C37: Hodnota před znehodnocením | E37: Opravné položky | F37: Kumulovaná ztráta | G37: Účetní hodnota (netto)
F38: z ocenění
F39: reálnou hodnotou
C41: Pohledávky oceňované naběhlou hodnotou | D41: Pohledávky oceňované | E41: Pohledávky oceňované naběhlou hodnotou | F41: Pohledávky oceňované | G41: Pohledávky oceňované naběhlou hodnotou | H41: Pohledávky oceňované
D42: reálnou hodnotou | F42: reálnou hodnotou | H42: reálnou hodnotou
A43: Pohledávky bez znehodnocení | B43: 1 | C43: =POHL_SELHÁNÍ!C58+POHL_SELHÁNÍ!C66 -> 1.6022767e+08 | D43: 0 | E43: X | F43: X | G43: =C43 -> 1.6022767e+08 | H43: 0
A44: Pohledávky se znehodnocením | B44: 2 | C44: =POHL_SELHÁNÍ!C59+POHL_SELHÁNÍ!C67+POHL_SELHÁNÍ!C68 -> 8282922.1 | D44: 0 | E44: =POHL_SELHÁNÍ!E55 -> 1396880.9 | F44: 0 | G44: =C44-E44 -> 6886041.2 | H44: 0
A47: =POHL_SELHÁNÍ!A74 -> 40268
H49: v tis. Kč
B51: Č.ř. | C51: Hodnota před znehodnocením | E51: Opravné položky | F51: Kumulovaná ztráta | G51: Účetní hodnota (netto)
F52: z ocenění
F53: reálnou hodnotou
C55: Pohledávky oceňované naběhlou hodnotou | D55: Pohledávky oceňované | E55: Pohledávky oceňované naběhlou hodnotou | F55: Pohledávky oceňované | G55: Pohledávky oceňované naběhlou hodnotou | H55: Pohledávky oceňované
D56: reálnou hodnotou | F56: reálnou hodnotou | H56: reálnou hodnotou
A57: Pohledávky bez znehodnocení | B57: 1 | C57: =POHL_SELHÁNÍ!C81+POHL_SELHÁNÍ!C89 -> 1.6103623e+08 | D57: 0 | E57: X | F57: X | G57: =C57 -> 1.6103623e+08 | H57: 0
A58: Pohledávky se znehodnocením | B58: 2 | C58: =POHL_SELHÁNÍ!C82+POHL_SELHÁNÍ!C83+POHL_SELHÁNÍ!C90+POHL_SELHÁNÍ!C91 -> 7708848.4 | D58: 0 | E58: =POHL_SELHÁNÍ!E78 -> 1124471.6 | F58: 0 | G58: =C58-E58 -> 6584376.8 | H58: 0

Sheet POHL_RESTRUKTURALIZACE
H1: Příloha č. 4
A3: Restrukturalizované pohledávky
A4: v tis. Kč
D7: Č.ř. | E7: 40543 | F7: 40451 | G7: 40359 | H7: 40268
A8: Restrukturalizované pohledávky | D8: 1 | E8: 1814926 | F8: 1612763.2 | G8: 1418739 | H8: 1209262.7
A9: Pohledávky oceňované naběhlou hodnotou | D9: 2
A10: Pohledávky oceňované reálné hodnotou | D10: 3 | E10: 0 | F10: 0 | G10: 0 | H10: 0

Sheet DERIVÁTY
F1: Příloha č. 4
A3: Deriváty
A4: v tis. Kč
B7: Č.ř. | C7: 40543 | D7: 40451 | E7: 40359 | F7: 40268
A8: Deriváty k obchodování - aktiva | B8: 1 | C8: 0 | D8: 0 | E8: 0 | F8: 0
A9: Reálná hodnota | B9: 2 | C9: 0 | D9: 0 | E9: 0 | F9: 0
A10: Jmenovitá hodnota | B10: 3 | C10: 0 | D10: 0 | E10: 0 | F10: 0
A11: Deriváty k obchodování - závazky | B11: 4 | C11: 0 | D11: 0 | E11: 0 | F11: 0
A12: Reálná hodnota | B12: 5 | C12: 0 | D12: 0 | E12: 0 | F12: 0
A13: Jmenovitá hodnota | B13: 6 | C13: 0 | D13: 0 | E13: 0 | F13: 0
A14: Deriváty zajišťovací - aktiva | B14: 7 | C14: 0 | D14: 0 | E14: 0 | F14: 0
A15: Reálná hodnota | B15: 8 | C15: 0 | D15: 0 | E15: 0 | F15: 0
A16: Jmenovitá hodnota | B16: 9 | C16: 0 | D16: 0 | E16: 0 | F16: 0
A17: Deriváty zajišťovací - závazky | B17: 10 | C17: 0 | D17: 0 | E17: 0 | F17: 0
A18: Reálná hodnota | B18: 11 | C18: 0 | D18: 0 | E18: 0 | F18: 0
A19: Jmenovitá hodnota | B19: 12 | C19: 0 | D19: 0 | E19: 0 | F19: 0
A22: Hypoteční banka neprovádí derivátové operace

Sheet POMĚROVÉ UKAZATELE
F1: Příloha č. 4
A3: Poměrové ukazatele
C6: 40543 | D6: 40451 | E6: 40359 | F6: 40268
A7: a) | B7: Kapitálová přiměřenost (%) | C7: 38.897575 | D7: 40.338624 | E7: 31.030951 | F7: 39.717302
A8: b) | B8: Rentabilita průměrných aktiv ROAA (%) | C8: 1.1203265 | D8: 0.9640967 | E8: 0.91349646 | F8: 0.79195725
A9: c) | B9: Rentabilita průměrného vlastního kapitálu ROAE (%) | C9: 9.6401424 | D9: 8.3201589 | E9: 7.920262 | F9: 6.8408904
A10: d) | B10: Aktiva na jednoho zaměstnance (tis. Kč) | C10: 382302.62 | D10: 381029.98 | E10: 397346.83 | F10: 398829.93
A11: e) | B11: Správní náklady na jednoho zaměstnance (tis. Kč) | C11: 1461.2738 | D11: 1450.9646 | E11: 1516.5781 | F11: 1554.541
A12: f) | B12: Čistý zisk na jednoho zaměstnance (tis. Kč) | C12: 4327.3566 | D12: 3742.3824 | E12: 3594.0824 | F12: 3099.3806

Sheet KAPITÁL
F1: Příloha č. 5
A2: Údaje o plnění pravidel obezřetného podnikání Hypoteční banky na individuálním základě
A4: 1. | B4: Údaje o kapitálu
B5: K 31.12.2010 činil základní kapitál Hypoteční banky 5 076 328 000 Kč a byl rozdělen do 10 152 656 kusů kmenových akcií o jmenovité hodnotě jedné akcie 500 Kč. Tyto akcie jsou zaknihované, kótované cenné papíry a znějí na majitele. Základní kapitál je plně splacen. Hypoteční banka nevydala žádné prioritní nebo zaměstnanecké akcie, ani dluhopisy, s nimiž je spojeno právo požadovat v době v nich určené vydání akcií nebo předkupní právo na akcie v jmenovité hodnotě v nich určené. Hypoteční banka nevlastní žádné vlastní akcie. Na akcie Hypoteční banky nebyla vydána žádná opce.
B7: (tis. Kč) | C7: 40543 | D7: 40451 | E7: 40359 | F7: 40268
A8: a) | B8: Souhrnná výše původního kapitálu (Tier 1) | C8: 19188258 | D8: 19189324 | E8: 19190248 | F8: 19119893
B9: Splacený základní kapitál zapsaný v obchodním rejstříku | C9: 5076331 | D9: 5076331 | E9: 5076331 | F9: 5076331
B10: Vlastní akcie | C10: 0 | D10: 0 | E10: 0 | F10: 0
B11: Emisní ážio | C11: 13864384 | D11: 13864384 | E11: 13864384 | F11: 13864384
B12: Rezervní fondy a nerozdělený zisk | C12: 296756.68 | D12: 296756.68 | E12: 296756.68 | F12: 227235.73
B13: Zisk za běžné účetní období | C13: 0 | D13: 0 | E13: 0 | F13: 0
B14: Ztráta za běžné účetní období | C14: 0 | D14: 0 | E14: 0 | F14: 0
B15: Čistý zisk z kapitalizace budouc. příjmů ze sekuritizace | C15: 0 | D15: 0 | E15: 0 | F15: 0
B16: Zisk/ztráta z ocenění závazků v RH z titulu úvěr. rizika | C16: 0 | D16: 0 | E16: 0 | F16: 0
B17: Další odčitatelné položky z původního kapitálu | C17: -49213.123 | D17: -48147.836 | E17: -47223.698 | F17: -48057.407
A18: b) | B18: Souhrnná výše dodatkového kapitálu (Tier 2) | C18: 274360.64 | D18: 223955.84 | E18: 0 | F18: 0
A19: c) | B19: Souhrnná výše kapitálu na krytí tržního rizika (Tier 3) | C19: 0 | D19: 0 | E19: 0 | F19: 0
A20: d) | B20: Souhrnná výše odečitatelných položek | C20: 0 | D20: 0 | E20: -40009.446 | F20: -158548.92
B21: Nedostatek v krytí očekávaných úvěrových ztrát u IRB | C21: 0 | D21: 0 | E21: -40009.446 | F21: -158548.92
A22: e) | B22: Souhrnná výše kapitálu po zohlednění odčitatelných položek
B23: a stanovených limitů pro dodatkový kapitál | C23: 19462619 | D23: 19413280 | E23: 19150238 | F23: 18961344
A26: 2. | B26: Údaje o kapitálových požadavcích
B28: (tis. Kč) | C28: 40543 | D28: 40451 | E28: 40359 | F28: 40268
B29: Kapitálové požadavky celkem | C29: 4002844.7 | D29: 3850062.8 | E29: 4937067.8 | F29: 3819261.3
B30: Výše jednotlivých kapitálových požadavků
A31: 1. | B31: k úvěrovému riziku celkem | C31: 3810460.7 | D31: 3657678.8 | E31: 4744683.8 | F31: 3658275.3
A32: 1.1. | B32: Kap. pož. k úvěr. riziku při STA celkem | C32: 720 | D32: 720 | E32: 720 | F32: 720
B33: Kap. pož. při STA v IRB k akciovým expoz. | C33: 720 | D33: 720 | E33: 720 | F33: 720
A34: 1.2. | B34: Kap. pož. k úvěr. riziku při IRB celkem | C34: 3809740.7 | D34: 3656958.8 | E34: 4743963.8 | F34: 3657555.3
A35: 1.2.1. | B35: Kap. pož. k úvěr. riziku při IRB k ostatním expozicím | C35: 15016.134 | D35: 15682.889 | E35: 15471.63 | F35: 14469.413
A36: 1.2.2. | B36: Kap. pož. k úvěr. riziku při IRB k vybr. expozicím celkem | C36: 3794724.6 | D36: 3641275.9 | E36: 4728492.2 | F36: 3643085.9
B37: Kap. pož. při IRB k podnikovým expoz. | C37: 248159.62 | D37: 252070.49 | E37: 255697.63 | F37: 295986.9
B38: Kap. pož. při IRB k retailovým expoz. | C38: 3058989.6 | D38: 2861511.5 | E38: 3814452.9 | F38: 2670056.2
B39: Kap. pož. při IRB k expoz. vůči centr. vládám a bankám | C39: 0 | D39: 0 | E39: 0 | F39: 0
B40: Kap. pož. při IRB k expoz. vůči institucím | C40: 487575.37 | D40: 527693.97 | E40: 658341.68 | F40: 677042.8
A41: 1.2.3. | B41: Kap. pož. k úvěr. riziku při IRB k akciovým expozicím | C41: 0 | D41: 0 | E41: 0 | F41: 0
A42: 1.2.4. | B42: Kap.pož. k úvěr.riziku při IRB k sekuritizovaným expozicím | C42: 0 | D42: 0 | E42: 0 | F42: 0
A43: 2. | B43: Kap. pož. k operačnímu riziku celkem | C43: 192383.97 | D43: 192383.97 | E43: 192383.97 | F43: 160985.98
A44: 3. | B44: Kap.požadavky ostatní a přechodné | C44: 0 | D44: 0 | E44: 0 | F44: 0
A47: 3. | B47: Další informace
B48: Výroční zpráva Hypoteční banky za rok 2010 je uveřejněna na | D48: www.hypotecnibanka.cz
B49: Součástí této zprávy jsou auditované roční účetní závěrky za rok 2010, které zahrnují i informace o řízení rizik.
B51: KBC uveřejnila v dubnu 2011 na svých internetových stránkách* Výroční zprávu za rok 2010 / KBC Annual
B52: Report 2010, v níž jsou uvedeny informace o obezřetném podnikání na konsolidovaném základě KBC Group
B53: k 31.12.2010 (tj. včetně českých a slovenských dceřiných společností). Dále KBC uveřejnila na svých
B54: internetových stránkách* samostatný dokument k obezřetnému podnikání na konsolidovaném základě podle
B55: Basel II, Pilíře 3 pod názvem Risk Report 2010. | D55: * | E55: www.kbc.com
